 Dungeon Crawl Stone Soup version 0.30-a0-292-g0f741e3f8e (webtiles) character file.

Game seed: 4540999411779785605

1388 Hubjo the Trooper (level 8, -1/57 HPs)
             Began as a Demonspawn Transmuter on Aug 5, 2022.
             Was a Believer of Hepliaklqana.
             Slain by a sky beast (5 damage)
             ... on level 6 of the Dungeon on Oct 17, 2022.
             The game lasted 00:06:22 (4676 turns).

Hubjo the Trooper (Demonspawn Transmuter)           Turns: 4676, Time: 00:06:22

Health: -1/57      AC:  8    Str: 11    XL:     8   Next: 40%
Magic:  14/14      EV: 12    Int: 16    God:    Hepliaklqana [**....]
Gold:   208        SH:  4    Dex: 14    Spells: 14/15 levels left

rFire   . . .      SeeInvis .      - Unarmed
rCold   . . .      Faith    .    (no shield)
rNeg    . . .      Spirit   .    a - +0 robe
rPois   .          Reflect  .    (no helmet)
rElec   .          Harm     .    (no cloak)
rCorr   .          Rampage  .    (no gloves)
Will    .....                    (no boots)
Stlth   +.........               (no amulet)
HPRegen 0.29/turn                (no ring)
MPRegen 0.14/turn                (no ring)

@: no status effects
A: reduced essence, yellow scales 1, icemail 1, powered by pain 1, condensation
shield
a: Renounce Religion, Recall Ancestor, Ancestor Identity


You were on level 6 of the Dungeon.
You worshipped Hepliaklqana.
Hepliaklqana was pleased with you.
You visited 1 branch of the dungeon, and saw 5 of its levels.

You collected 208 gold pieces.

Inventory:

Hand Weapons
 k - the +4 long sword of Podolut {vamp, SInv}
   (You found it on level 4 of the Dungeon)

   It occasionally heals its wielder for a portion of the damage dealt when it
   wounds a living foe.
   SInv:      It lets you see invisible.
Armour
 a - a +0 robe (worn)
Jewellery
 p - an amulet of reflection
Wands
 m - a wand of flame (28)
 o - a wand of acid (12)
Scrolls
 b - a scroll of magic mapping
 c - a scroll of poison {unknown}
 e - 4 scrolls of identify {unknown}
 f - 2 scrolls of amnesia {unknown}
 g - a scroll of teleportation {unknown}
 h - 2 scrolls of butterflies {unknown}
 l - 2 scrolls of enchant weapon {unknown}
 n - a scroll of immolation {unknown}
 q - a scroll of fear {unknown}
 r - a scroll of blinking {unknown}
Potions
 d - 5 potions of heal wounds
 i - 2 potions of mutation {unknown}
 j - a potion of haste {unknown}


   Skills:
 * Level 6.0 Fighting
 - Level 1.7 Dodging
 + Level 4.6 Unarmed Combat
 + Level 4.2 Spellcasting
 * Level 5.7 Transmutations


You had 14 spell levels left.
You knew the following spells:

 Your Spells              Type           Power      Damage    Failure   Level
a - Beastly Appendage     Tmut           42%        N/A       1%          1

Your spell library contained the following spells:

 Spells                   Type           Power      Damage    Failure   Level
 Wereblood                Tmut           21%        N/A       2%          2
 Spider Form              Tmut/Pois      12%        N/A       16%         3
 Ice Form                 Ice/Tmut       12%        N/A       45%         4


Dungeon Overview and Level Annotations

Branches:
Dungeon (6/15)             Temple (0/1) D:5

Altars:
Hepliaklqana
Kikubaaqudgha
Qazlal
Sif Muna
Vehumet
Wu Jian
Xom


Innate Abilities, Weirdness & Mutations

Your life essence is reduced to manifest your ancestor. (-10% HP)
You are partially covered in yellow scales. (AC +2)
A meltable icy envelope protects you from harm. (AC +4)
You sometimes gain a little power by taking damage.
A meltable shield of frost defends you. (SH +4)


Message History

Something hits you but does no damage. Something hits you but does no damage.
Something hits you but does no damage. Something hits you but does no damage.
A sky beast appears from thin air!
Reactivating autopickup.
The sky beast closely misses you.
The sky beast hits you but does no damage.
The sky beast flickers out of sight!
Deactivating autopickup; reactivate with Ctrl-A.
Something hits you but does no damage. Something hits you but does no damage.
A sky beast appears from thin air!
Reactivating autopickup.
The sky beast hits you but does no damage.
The sky beast barely misses you.
The sky beast hits you but does no damage.
The sky beast completely misses you. The sky beast closely misses you.
The sky beast misses you. The sky beast barely misses you.
The sky beast hits you but does no damage.
The sky beast barely misses you.
The sky beast hits you but does no damage.
The sky beast hits you but does no damage.
The sky beast hits you. The sky beast shocks you.
* * * LOW HITPOINT WARNING * * *
The sky beast hits you.
* * * LOW HITPOINT WARNING * * *
The sky beast shocks you.
* * * LOW HITPOINT WARNING * * *
The sky beast barely misses you. You block the sky beast's attack.
You block the sky beast's attack.
The sky beast flickers out of sight!
Deactivating autopickup; reactivate with Ctrl-A.
Something hits you.
* * * LOW HITPOINT WARNING * * *
Something shocks you.
You die...

#.....#...# #.....#...#
#.....#...#
#...###.....###+######
#+.##.##.............#
... $..#..............
.... #.##..............
.. #)#####...........
#####@# ##..........
##...R#{!...#..........
#.....##...?#.#.##....
#.....###$[##.#.# ###
#.....'.####....#
##...##.........#
...#####R...#.....#
............#.....#
............#.....#


You could see the friendly Mirko the battlemage.

Vanquished Creatures
  Menkaure (D:5)
  A water moccasin (D:5)
  An ogre (D:5)
  A phantom (D:4)
  A bullfrog (D:6)
  A necrophage (D:6)
  2 scorpions
  2 howler monkeys (D:6)
  3 hounds
  An iguana (D:4)
  2 orc wizards (D:5)
  5 adders
  An ufetubus (D:6)
  A dart slug (D:1)
  5 orcs
  5 ball pythons
  3 bats (D:1)
  6 endoplasms
  2 goblins (D:1)
  4 hobgoblins (D:1)
  4 jackals (D:4)
  A quokka (D:1)
  2 frilled lizards (D:1)
  4 kobolds
59 creatures vanquished.

Vanquished Creatures (collateral kills)
  An ogre (D:6)
  A phantom (D:6)
  A scorpion (D:5)
  A hound (D:5)
  An orc priest (D:6)
  Ijyb (D:5)
  2 iguanas (D:5)
  An orc wizard (D:5)
  2 adders
  A worm (D:5)
  5 orcs
  A rat (D:1)
18 creatures vanquished.

Grand Total: 77 creatures vanquished

Notes
Turn   | Place    | Note
-------+----------+-------------------------------------------
     0 | D:1      | Hubjo the Demonspawn Transmuter began the quest for the
                  | Orb.
     0 | D:1      | Reached XP level 1. HP: 15/15 MP: 3/3
   324 | D:1      | Gained mutation: You sometimes gain a little power by
                  | taking damage. [demonic ancestry]
   324 | D:1      | Reached XP level 2. HP: 21/21 MP: 3/5
   772 | D:1      | Found a faded altar of an unknown god.
   875 | D:1      | Prayed at the altar of an unknown god.
   875 | D:1      | Became a worshipper of Hepliaklqana the Forgotten
   875 | D:1      | Reached * piety under Hepliaklqana
  1300 | D:1      | Reached XP level 3. HP: 20/24 MP: 4/6
  1483 | D:2      | You fall into a shaft and drop 2 floors!
  1501 | D:4      | Reached skill level 2 in Fighting
  1572 | D:4      | Reached XP level 4. HP: 13/29 MP: 5/7
  1596 | D:4      | Noticed a phantom
  1618 | D:4      | Killed a phantom
  1619 | D:4      | Gained mutation: A meltable shield of frost defends you.
                  | (SH +4) [demonic ancestry]
  1619 | D:4      | Reached XP level 5. HP: 28/36 MP: 8/8
  1875 | D:4      | Reached skill level 3 in Fighting
  2282 | D:4      | Found a shimmering altar of Xom.
  2732 | D:4      | Reached ** piety under Hepliaklqana
  2734 | D:4      | Remembered your ancestor Mirko as a battlemage
  2913 | D:4      | Identified the +4 long sword of Podolut {vamp, SInv}
  3206 | D:5      | Entered Level 5 of the Dungeon
  3352 | D:5      | Gained mutation: A meltable icy envelope protects you from
                  | harm. (AC +4) [demonic ancestry]
  3352 | D:5      | Reached XP level 6. HP: 34/42 MP: 8/10
  3551 | D:5      | Found a stormy altar of Qazlal.
  3552 | D:5      | Noticed Ijyb
  3657 | D:5      | Found a staircase to the Ecumenical Temple.
  3741 | D:5      | Found an ornate altar of the Wu Jian Council.
  3741 | D:5      | Noticed Menkaure
  3750 | D:5      | Killed Menkaure
  3751 | D:5      | Reached skill level 4 in Fighting
  3895 | D:5      | Noticed a water moccasin
  3901 | D:5      | Gained mutation: You are partially covered in yellow
                  | scales. (AC +2) [demonic ancestry]
  3901 | D:5      | Reached XP level 7. HP: 46/49 MP: 9/12
  4049 | D:5      | Killed Ijyb
  4102 | D:5      | Found an ancient bone altar of Kikubaaqudgha.
  4113 | D:5      | Found a radiant altar of Vehumet.
  4116 | D:5      | Reached skill level 5 in Fighting
  4124 | D:5      | Found a shimmering blue altar of Sif Muna.
  4302 | D:5      | Upgraded the game from 0.29-a0-998-g1987434951 to
                  | 0.30-a0-292-g0f741e3f8e
  4342 | D:6      | Reached skill level 5 in Transmutations
  4371 | D:6      | Identified the +7 chain mail of Fuzzy Satisfaction
                  | {*Corrode rC+++ Str+5 Stlth+}
  4421 | D:6      | Reached XP level 8. HP: 56/56 MP: 11/13
  4567 | D:6      | Reached skill level 6 in Fighting
  4676 | D:6      | Slain by a sky beast

Illustrated notes

Levels and vault maps discovered:
D:1:      minmay_arrival_semitransparent, layout_basic, basic_ecumenical_altar
D:2:      layout_loops_cross, chequers_avenue, serial_bayou_pond_d, hex_tiny,
          minmay_tiny_reverse_x, uniq_jessica
D:4:      layout_basic, mainiacjoe_overflow_small_starburst
D:5:      layout_rooms, palyth_temple_overflow_mages,
          mainiacjoe_overflow_brackets, lemuel_tele_altar, temple_doors_e,
          corexii_item_surrounded_by_moat, kennysheep_diamond, uniq_menkaure,
          uniq_ijyb
D:6:      dreamdust_elfheim, layout_gridville, kennysheep_minor_cross,
          minmay_joined_circles

Skill      XL: |  1  2  3  4  5  6  7  8 |
---------------+-------------------------+-----
Transmutations | 2 3 4 5 |  5.7
Fighting       | 2 3 4 5 6 |  6.0
Unarmed Combat | 3 4 |  4.6
Spellcasting   | 3 4 |  4.2
Dodging        | |  1.7

Action                   |  1- 3 |  4- 6 |  7- 9 || total
-------------------------+-------+-------+-------++-------
Melee: Unarmed           |    82 |    85 |    78 ||   245
       Kick              |    17 |    13 |    17 ||    47
       Headbutt          |     6 |    10 |    12 ||    28
       Punch             |       |     4 |     2 ||     6
 Cast: Beastly Appendage |    20 |    20 |    12 ||    52
Invok: Recall Ancestor   |       |     1 |       ||     1
       Ancestor Life: Ba |       |     1 |       ||     1
  Use: Potion            |     1 |     2 |       ||     3
       Scroll            |       |     1 |       ||     1
 Stab: Distracted        |       |     1 |     2 ||     3
       Sleeping          |       |     1 |       ||     1
Armor: Robe              |    12 |     9 |    69 ||    90
       Skin              |       |     7 |       ||     7
Dodge: Dodged            |    37 |    59 |    57 ||   153
Block: Other             |       |    18 |    17 ||    35

Table legend: (Time is in decaauts)
 A = Elapsed time spent in this place.
 B = Non-inter-level travel time spent in this place.
 C = Inter-level travel time spent in this place.
 D = Time resting spent in this place.
 E = Time spent auto-exploring this place.
 F = Levels seen in this place.
 G = Mean time per level.
                   A        B        C        D        E       F      G
               +--------+--------+--------+--------+--------+-----+--------+
         Total |   4658 |   4461 |    197 |      0 |   3807 |   5 |  931.6 |
       Dungeon |   4658 |   4461 |    197 |      0 |   3807 |   5 |  931.6 |
               +--------+--------+--------+--------+--------+-----+--------+

Top non-repeatable levels by time:
     D:4: 1718 daAuts
     D:1: 1475 daAuts
     D:5: 1114 daAuts
     D:6: 346 daAuts
     D:2: 3 daAuts
